 Dungeon Crawl Stone Soup version 0.24.0-28-g17ded55e90 (webtiles) character file.

Game seed: 17862780938386634214, levelgen mode: deterministic

107 McKennaii the Chopper (level 4, -11/35 HPs)
             Began as a Demonspawn Fighter on Nov 13, 2019.
             Killed by divine providence
             ... invoked by an orc priest
              (15 damage)
             ... on level 3 of the Dungeon.
             The game lasted 00:02:20 (1759 turns).

McKennaii the Chopper (Demonspawn Fighter)          Turns: 1759, Time: 00:02:21

Health: -11/35     AC:  7    Str: 17    XL:     4   Next: 56%
Magic:  4/4        EV:  7    Int:  9    God:
Gold:   130        SH:  9    Dex: 13    Spells: 3/3 levels left

rFire    . . .     SeeInvis .   a - +0 war axe
rCold    . . .     Gourm    .   c - +0 shield
rNeg     . . .     Faith    .   b - +0 scale mail
rPois    .         Spirit   .   (no helmet)
rElec    .         Reflect  .   i - +0 cloak
rCorr    .         Harm     .   (no gloves)
MR       .....                  (no boots)
Stlth    +.........             (no amulet)
HPRegen  0.11/turn              k - ring of stealth
MPRegen  0.09/turn              (no ring)

@: no status effects
A: claws 1
a: no special abilities


You were on level 3 of the Dungeon.
You were not hungry.

You visited 1 branch of the dungeon, and saw 3 of its levels.

You collected 130 gold pieces.

Inventory:

Hand Weapons
 a - a +0 war axe (weapon)
Armour
 b - a +0 scale mail (worn)
 c - a +0 shield (worn)
 i - a +0 cloak (worn)
 q - a +0 chain mail
Jewellery
 k - a ring of stealth (left claw)
Scrolls
 e - 3 scrolls of identify {unknown}
 j - a scroll of teleportation {unknown}
 l - a scroll of remove curse {unknown}
 n - a scroll of random uselessness {unknown}
 o - a scroll of amnesia {unknown}
Potions
 d - 2 potions of might
 g - 2 potions of flight {unknown}
 h - a potion of haste {unknown}
 m - 2 potions of agility {unknown}
 p - 2 potions of curing {unknown}
Comestibles
 f - 2 rations


   Skills:
 + Level 3.3 Fighting
 + Level 3.4 Axes
 + Level 2.9 Armour
 + Level 0.5 Dodging
 + Level 0.6 Stealth
 + Level 3.1 Shields


You had 3 spell levels left.
You didn't know any spells.
Your spell library was empty.

Dungeon Overview and Level Annotations

Branches:
Dungeon (3/15)

Altars:
Nemelex Xobeh


Innate Abilities, Weirdness & Mutations

You have sharp fingernails.


Message History

The orc priest hits you but does no damage.
An orc comes into view. It is wielding a +0 flail.
The orc completely misses you. The orc priest barely misses you.
You hit the orc priest.
The orc priest is almost dead.
Your shield and scale mail prevent you from hitting the orc.
The orc hits you but does no damage. The orc priest barely misses you.
Your shield and scale mail prevent you from hitting the orc priest.
The orc priest is almost dead.
You barely miss the orc. The orc hits you but does no damage.
You block the orc priest's attack. You block the orc's attack.
The orc priest invokes the aid of Beogh against you.
Pain shoots through your body!
* * * LOW HITPOINT WARNING * * *
Your shield and scale mail prevent you from hitting the orc priest.
The orc priest is almost dead.
You hit the orc but do no damage. You block the orc's attack.
The orc priest mumbles some strange prayers to Beogh against you.
Beogh smites you!
You die...

################
#.......
...............#
##...###
#.....wo..#
##.##
#.######..# #.#
#.# #†.######.#
# #.#
#.........# ##
#.####
#.######### #.
#..o.# #o#
######. ####@#
#.. ....... #o#
### ##.###. #r#
#.


go# ## #.o# #..# .... #..# #..# You could see an orc priest, 3 orcs, a goblin
and a rat.

Vanquished Creatures
  5 adders
  2 dart slugs (D:1)
  2 leopard geckos
  An orc (D:3)
  7 bats
  A giant cockroach (D:1)
  4 goblins
  12 hobgoblins
  2 quokkas (D:2)
  4 frilled lizards
  6 kobolds
  10 rats
56 creatures vanquished.

Notes
Turn   | Place    | Note
-------+----------+-------------------------------------------
     0 | D:1      | McKennaii the Demonspawn Fighter began the quest for the
                  | Orb.
     0 | D:1      | Reached XP level 1. HP: 18/18 MP: 1/1
   137 | D:1      | Gained mutation: You have sharp fingernails. [demonic
                  | ancestry]
   137 | D:1      | Reached XP level 2. HP: 11/24 MP: 2/2
   544 | D:1      | Reached XP level 3. HP: 29/29 MP: 3/3
   873 | D:2      | Found a sparkling altar of Nemelex Xobeh.
  1260 | D:2      | Reached XP level 4. HP: 35/35 MP: 4/4
  1759 | D:3      | Killed from afar by an orc priest

Levels and vault maps discovered:
D:1:      matt_arrival_refuge, layout_rooms, minmay_fountain_box,
          minmay_pentomino_s4
D:2:      layout_basic, nemelex_xobeh_ov_fountains_minmay, first_ration,
          kennysheep_crisscross
D:3:      layout_loops_ring

Skill      XL: |  1  2  3 |
---------------+----------+-----
Axes           | 2 3 |  3.4
Shields        | 3 |  3.1
Fighting       | |  3.3
Armour         | |  2.9
Dodging        | |  0.5
Stealth        | |  0.6

Action                   |  1- 3 |  4- 6 || total
-------------------------+-------+-------++-------
Melee: War axe           |   136 |    55 ||   191
 Stab: Sleeping          |       |     1 ||     1
  Eat: Chunk             |     1 |     2 ||     3
Armor: Scale mail        |    77 |    31 ||   108
Dodge: Dodged            |    58 |    22 ||    80
Block: Shield            |    67 |    31 ||    98
